 Dungeon Crawl Stone Soup version 0.24.0-125-gc4c63601f3 (webtiles) character file.

Game seed: 6279709679245696126, levelgen mode: deterministic

60 Gynju the Magician (level 3, -2/19 HPs)
             Began as a Deep Elf Conjurer on Mar 13, 2020.
             Was an Initiate of Lugonu.
             Slain by Crazy Yiuf
             ... wielding a +4 quarterstaff of chaos
              (4 damage)
             ... on level 2 of the Dungeon.
             The game lasted 00:02:04 (2270 turns).

Gynju the Magician (Deep Elf Conjurer)              Turns: 2270, Time: 00:02:05

Health: -2/19      AC:  5    Str:  6    XL:     3   Next: 82%
Magic:  4/12       EV: 12    Int: 19    God:    Lugonu [......]
Gold:   118        SH:  0    Dex: 15    Spells: 10/13 levels left

rFire    . . .     SeeInvis .   h - +0 mace
rCold    . . .     Gourm    .   (no shield)
rNeg     . . .     Faith    .   j - +0 leather armour (curse)
rPois    .         Spirit   .   (no helmet)
rElec    .         Reflect  .   p - +0 cloak
rCorr    .         Harm     .   (no gloves)
MR       .....                  n - +0 pair of boots
Stlth    ++........             (no amulet)
HPRegen  0.06/turn              (no ring)
MPRegen  0.13/turn              (no ring)

@: lightly drained
A: no striking features
a: Renounce Religion


You were on level 2 of the Dungeon.
You worshipped Lugonu.
Lugonu was noncommittal.
You were hungry.

You visited 1 branch of the dungeon, and saw 2 of its levels.
You visited the Abyss 1 time.

You collected 118 gold pieces.

Inventory:

Hand Weapons
 h - a +0 mace (weapon)
Armour
 j - a cursed +0 leather armour (worn)
 n - a +0 pair of boots (worn)
 p - a +0 cloak (worn)
Jewellery
 m - an uncursed ring of protection from cold {unknown}
 o - an uncursed ring of ice {unknown}
Scrolls
 a - 2 scrolls of remove curse {unknown}
 b - 4 scrolls of identify {unknown}
 e - 2 scrolls of amnesia {unknown}
 f - a scroll of enchant armour {unknown}
 q - a scroll of teleportation {unknown}
Potions
 i - a potion of flight {unknown}
 k - a potion of degeneration {unknown}
 l - a potion of berserk rage {unknown}
Comestibles
 c - 4 rations


   Skills:
 - Level 2.4(2.2) Dodging
 - Level 2.4(2.2) Stealth
 + Level 5.8(5.5) Spellcasting
 - Level 4.3(4.1) Conjurations


You had 10 spell levels left.
You knew the following spells:

 Your Spells              Type           Power        Failure   Level  Hunger
a - Magic Dart            Conj           ###.         3%          1    None
b - Searing Ray           Conj           ###...       4%          2    None

Your spell library contained the following spells:

 Spells                   Type           Power        Failure   Level  Hunger
 Dazzling Spray           Conj/Hex       ##....       24%         3    ##.....
 Iskenderun's Mystic Bla  Conj           ###.....     32%         4    ####...
 Force Lance              Conj/Tloc      ##......     61%         4    ####...
 Fulminant Prism          Conj/Hex       ##........   61%         4    ####...


Dungeon Overview and Level Annotations

Branches:
Dungeon (2/15)

Altars:

Annotations:
D:2 Crazy Yiuf


Message History

* * * LOW HITPOINT WARNING * * *
Crazy Yiuf burns you.
* * * LOW HITPOINT WARNING * * *
Casting: Magic Dart (safe; 3% risk of failure)
Confirm with . or Enter, or press ? or * to list all spells.
Aiming: Magic Dart (safe; 3% risk of failure)
Press: ? - help, Shift-Dir - straight line, f/p - Crazy Yiuf
Aim: Crazy Yiuf, wielding a +4 quarterstaff of chaos and wearing a +0 cloak (moderately wounded)
The magic dart hits Crazy Yiuf.
Crazy Yiuf is severely wounded.
Crazy Yiuf hits you but does no damage.
Casting: Magic Dart (safe; 3% risk of failure)
Confirm with . or Enter, or press ? or * to list all spells.
Aiming: Magic Dart (safe; 3% risk of failure)
Press: ? - help, Shift-Dir - straight line, f/p - Crazy Yiuf
Aim: Crazy Yiuf, wielding a +4 quarterstaff of chaos and wearing a +0 cloak (severely wounded)
The magic dart hits Crazy Yiuf but does no damage.
Crazy Yiuf is severely wounded.
Crazy Yiuf hits you with a +4 quarterstaff of chaos.
You die...

#..............
###############
##### #).)#
#)))# ))) #'#
#### ♣@♣♣ #..#
♣♣g♣ ##.# ♣)♣♣
#.# ♣♣)♣ #.#
♣♣)♣♣
##.#########
♣♣..)♣
#...........
♣....♣
#.##########
#....# #.#
#....###.#


You could see Crazy Yiuf.

Vanquished Creatures
  2 adders (D:2)
  A worm (D:2)
  A dart slug (D:2)
  4 bats
  5 giant cockroaches
  6 goblins
  3 hobgoblins (D:1)
  A ball python (D:1)
  6 frilled lizards
  5 kobolds
  6 rats
40 creatures vanquished.

Notes
Turn   | Place    | Note
-------+----------+-------------------------------------------
     0 | D:1      | Gynju the Deep Elf Conjurer began the quest for the Orb.
     0 | D:1      | Reached XP level 1. HP: 10/10 MP: 6/6
   394 | D:1      | Reached skill level 4 in Spellcasting
   394 | D:1      | Reached XP level 2. HP: 15/15 MP: 5/9
  1124 | D:2      | Reached skill level 5 in Spellcasting
  1124 | D:2      | Reached XP level 3. HP: 19/19 MP: 2/11
  1378 | D:2      | Found a runed translucent door.
  1379 | D:2      | Noticed Crazy Yiuf
  1845 | D:2      | Learned a level 2 spell: Searing Ray
  2143 | D:2      | Cast into level 1 of the Abyss (Crazy Yiuf)
  2251 | Abyss:1  | Found a corrupted altar of Lugonu.
  2258 | Abyss:1  | Became a worshipper of Lugonu the Unformed
  2258 | Abyss:1  | Reached * piety under Lugonu
  2265 | D:2      | Escaped the Abyss
  2270 | D:2      | Slain by Crazy Yiuf

Levels and vault maps discovered:
D:1:      dpeg_arrival_arbitrary_a, layout_basic, minmay_worlds_worst_comb
D:2:      layout_basic, first_ration, grunt_decor_mini_mirrors,
          uniq_crazy_yiuf_cottage

Skill      XL: |  1  2 |
---------------+-------+-----
Spellcasting   | 4 5 |  5.8
Dodging        | |  2.4
Stealth        | |  2.4
Conjurations   | |  4.3

Action                   || total
-------------------------++-------
 Cast: Magic Dart        ||    97
Invok: Depart the Abyss  ||     1
  Use: Potion            ||     1
  Eat: Chunk             ||     3
Armor: Robe              ||     1
       Leather armour    ||     4
Dodge: Dodged            ||     7
